 Dungeon Crawl Stone Soup version 0.30-a0-782-ge64f9170bb (webtiles) character file.

Game seed: 6545444381391026435

11113 themarg the Thaumaturge (level 11, -6/132 HPs)
             Began as a Demonspawn Fire Elementalist on Feb 18, 2023.
             Was an Initiate of Gozag.
             Mangled by an Executioner (8 damage)
             ... on level 1 of the Abyss.
             The game lasted 00:39:28 (15253 turns).

themarg the Thaumaturge (DsFE)                     Turns: 15253, Time: 00:39:29

Health: -6/132     AC: 29    Str: 14    XL:     11   Next: 45%
Magic:  2/20       EV:  2    Int: 20    God:    Gozag
Gold:   799        SH:  5    Dex: 15    Spells: 23/30 levels left

rFire   + . .      SeeInvis .    (no weapon)
rCold   + . .      Faith    .    v - +0 buckler
rNeg    . . .      Spirit   .    (body armour currently unavailable)
rPois   +          Reflect  .    (helmet currently unavailable)
rElec   +          Harm     .    (cloak currently unavailable)
rCorr   +          Rampage  .    (gloves currently unavailable)
Will    .....      NoTele   +    (boots currently unavailable) Stlth
                                 (no amulet)
HPRegen 0.00/turn                r - +6 ring of strength
MPRegen 0.17/turn                A - +4 ring of protection

@: mighty, brilliant, berserking, tree-form, resistant, sick, very slightly
contaminated, hasted, very quick
A: stationary, stasis, torment immunity, boosted hp, rugged brown scales 1,
demonic guardian 1, (demonic touch 2), [frail 3], [low MP 2], ([teleportitis
2]), [no potion heal 2]
a: Renounce Religion, Potion Petition, Call Merchant, Bribe Branch


You were on level 1 of the Abyss.
You worshipped Gozag.
Gozag was pleased with you.
You were a tree.
You visited 2 branches of the dungeon, and saw 11 of its levels.
You visited the Abyss 1 time.

You collected 2800 gold pieces.
You spent 99 gold pieces at shops.
You paid 1902 gold pieces to Gozag.

Inventory:

Hand Weapons
 T - a +2 short sword
 V - the +7 spear of Haruori {protect, rCorr Str-4 Int+6 Dex+3}
   (You found it on level 10 of the Dungeon)

   Str:       It affects your strength (-4).
   Int:       It affects your intelligence (+6).
   Dex:       It affects your dexterity (+3).
   rCorr:     It protects you from acid and corrosion.
Missiles
 c - 169 stones
 d - 5 boomerangs
 f - 8 javelins
 m - 27 poisoned darts (quivered)
 o - a curare-tipped dart
Armour
 a - a +0 robe
 k - a +1 helmet of see invisible (melded)
 v - a +0 buckler (worn)
 E - a +0 pair of boots (melded)
 G - a +2 leather armour of willpower (melded)
 H - the +1 hat "Lieciutz" {rF+}
   (You found it on level 5 of the Dungeon)

   rF:        It protects you from fire.
 Q - a +0 cloak (melded)
 W - the +0 leather armour of the Gastropod {Fly rPois}
   (You found it on level 1 of the Abyss)

   rPois:     It protects you from poison.
   Fly:       It grants you flight.
Magical Staves
 U - a staff of cold
Jewellery
 r - a +6 ring of strength (left branch)
 A - a +4 ring of protection (right branch)
 K - a ring of protection from cold
Wands
 C - a wand of acid (15)
 M - a wand of roots (19)
 P - a wand of paralysis (12)
Scrolls
 e - a scroll of identify
 h - a scroll of fog {unknown}
 n - a scroll of immolation
 q - a scroll of amnesia {unknown}
 w - a scroll of magic mapping {unknown}
 y - 2 scrolls of blinking
 z - 2 scrolls of vulnerability
 B - a scroll of teleportation {unknown}
 D - 2 scrolls of enchant weapon {unknown}
 F - a scroll of torment {unknown}
 I - 3 scrolls of enchant armour
 J - 2 scrolls of poison {unknown}
 O - 4 scrolls of fear {unknown}
Potions
 b - 3 potions of magic
 g - 2 potions of attraction
 i - 3 potions of lignification
 j - 2 potions of mutation
 l - 6 potions of heal wounds
 p - a potion of ambrosia
 s - a potion of resistance {unknown}
 t - 3 potions of brilliance
 u - 3 potions of cancellation {unknown}
 x - 4 potions of flight {unknown}
 L - a potion of haste {unknown}
 N - 6 potions of curing
 S - a potion of berserk rage {unknown}
Miscellaneous
 R - a phial of floods


   Skills:
 + Level 5.8 Fighting
 - Level 2.0 Throwing
 - Level 5.0 Dodging
 - Level 2.0 Stealth
 - Level 5.0 Shields
 - Level 10.0 Spellcasting
 - Level 7.0 Conjurations
 - Level 7.0 Fire Magic
 - Level 5.0 Evocations


You had 23 spell levels left.
You knew the following spells:

 Your Spells              Type           Power      Damage    Failure   Level
a - Foxfire               Conj/Fire      100%       2x1d9     1%          1
b - Scorch                Fire           100%       2d10      1%          2
c - Flame Wave            Conj/Fire      54%        2d13      4%          4

Your spell library contained the following spells:

 Spells                   Type           Power      Damage    Failure   Level
 Dazzling Flash           Conj/Hex       72%        N/A       6%          3
 Inner Flame              Hex/Fire       36%        N/A       6%          3
 Apportation              Tloc           30%        N/A       9%          1
 Kindle Blastsparks       Fire/Tloc/Air  56%        2d14      11%         3
 Ensorcelled Hibernation  Hex/Ice        30%        N/A       13%         2
 Spider Form              Tmut/Pois      15%        N/A       26%         3
 Anguish                  Hex/Necr       7%         N/A       65%         4
 Leda's Liquefaction      Hex/Erth       7%         N/A       65%         4
 Agony                    Necr           15%        N/A       94%         5
 Alistair's Intoxication  Tmut/Pois      10%        N/A       94%         5
 Lee's Rapid Deconstruct  Erth           7%         3d7*      94%         5
 Silence                  Hex/Air        7%         N/A       94%         5
 Statue Form              Tmut/Erth      10%        N/A       100%        6


Dungeon Overview and Level Annotations

Branches:
Dungeon (10/15)            Temple (1/1) D:4            Lair (0/5) D:10
    Orc: D:9-12

Altars:
Ashenzari
Cheibriados
Dithmenos
Fedhas
Gozag
Hepliaklqana
Kikubaaqudgha
Makhleb
Nemelex Xobeh
Okawaru
Qazlal
Ru
Sif Muna
Trog
Uskayaw
Vehumet
Wu Jian
Xom
Yredelemnul

Shops:
D:6 !

Annotations:
D:4 3 runed translucent doors, strifetoe's ghost, amateur OgBe
D:7 1 runed translucent door, themarg's ghost, novice OpVM
D:10 Erolcha; Snorg


Innate Abilities, Weirdness & Mutations

You are a tree.
Your roots penetrate the ground, keeping you stationary.
You cannot be teleported.
You are immune to unholy pain and torment.
Your maximum health is greatly increased.
Your equipment is partially melded.
(You are partially covered in rugged brown scales. (AC +1, +3% HP))
A weak demonic guardian rushes to your aid.
((Your touch may inflict irresistible damage on your foes.))
[You are extremely frail. (-30% HP)]
[Your magical capacity is very low. (-20% MP)]
[((You are often teleported next to monsters.))]
[Potions cannot restore your health.]


Message History

The Executioner hits you!
* * * LOW HITPOINT WARNING * * *
The Executioner hits you but does no damage. x2
You block the Executioner's attack. x2; The Executioner hits you.
* * * LOW HITPOINT WARNING * * *
You hit the Executioner but do no damage.
The Executioner is lightly wounded.
The Executioner hits you but does no damage.
The Executioner hits you.
* * * LOW HITPOINT WARNING * * *
The Executioner hits you but does no damage. x2
You block the Executioner's attack.
The Executioner hits you but does no damage.
You barely miss the Executioner.
The Executioner is lightly wounded.
The Executioner hits you but does no damage. x6
You hit the Executioner but do no damage.
The Executioner is lightly wounded.
The ancient zyme is no longer distracted by gold.
The Executioner hits you but does no damage. x3
The Executioner is distracted by your dazzling golden aura.
You completely miss the Executioner.
The Executioner is no longer distracted by gold.
The Executioner gives a hideous shriek!
The Executioner is lightly wounded.
The Executioner hits you!
* * * LOW HITPOINT WARNING * * *
You block the Executioner's attack.
The Executioner hits you but does no damage. x3
The Executioner hits you.
* * * LOW HITPOINT WARNING * * *
You completely miss the Executioner.
The Executioner is lightly wounded.
The Executioner hits you but does no damage. x2
The Executioner hits you.
* * * LOW HITPOINT WARNING * * *
The Executioner hits you but does no damage. x3
The Executioner hits you!
You die...
Your body crumbles into a pile of gold.

######
#$x1♣#
$##*###
#. .x.
##.## #
1## $ $
4≈. $
###*#
#$ #.#
X §# #


You could see a wretched star, an Executioner (fast) and an ancient zyme.

Vanquished Creatures
  A boulder beetle (D:6)
  Erica (D:8)
  A two-headed ogre (D:10)
  Pikel (D:9)
  Maurice (D:8)
  Psyche (D:10)
  A troll (D:10)
  An ancient zyme (Abyss:1)
  A shadow (D:6)
  A small abomination (Abyss:1)
  17 yaks
  3 wyverns
  3 steam dragons
  Menkaure (D:5)
  An acid dragon (D:6)
  3 water moccasins
  2 orc warriors
  2 ice beasts
  2 black bears
  A sky beast (D:6)
  2 centaurs
  2 lemures (D:9)
  3 phantoms
  2 kobold brigands (D:7)
  6 bullfrogs
  4 scorpions
  2 gnoll sergeants
  11 wights
  3 killer bees (D:9)
  5 howler monkeys
  6 hounds
  2 jellies (D:6)
  3 orc priests
  2 gnoll boudas
  5 iguanas
  6 orc wizards
  4 river rats (D:5)
  4 adders
  11 gnolls
  2 shadow imps (D:7)
  A white imp (D:7)
  A worm (D:3)
  A dart slug (D:4)
  19 orcs
  7 endoplasms
  2 giant cockroaches (D:2)
  6 goblins
  7 hobgoblins
  4 jackals (D:1)
  12 kobolds
  2 quokkas
  4 ball pythons
  3 bats
  3 frilled lizards
  7 rats
209 creatures vanquished.

Vanquished Creatures (others)
  A troll (D:9)
  408 foxfires
  51 plants (D:5)
460 creatures vanquished.

Grand Total: 669 creatures vanquished

Notes
Turn   | Place    | Note
-------+----------+-------------------------------------------
     0 | D:1      | themarg the Demonspawn Fire Elementalist began the quest
                  | for the Orb.
     0 | D:1      | Reached XP level 1. HP: 13/13 MP: 3/3
   408 | D:1      | Gained mutation: Your touch may inflict minor irresistible
                  | damage on your foes. [demonic ancestry]
   408 | D:1      | Reached XP level 2. HP: 19/19 MP: 0/5
   464 | D:1      | Learned a level 2 spell: Scorch
  1045 | D:2      | You fall into a shaft and drop 1 floor!
  1346 | D:2      | Gained mutation: Your touch may inflict irresistible damage
                  | on your foes. [demonic ancestry]
  1346 | D:2      | Reached XP level 3. HP: 24/24 MP: 3/6
  2657 | D:2      | Reached XP level 4. HP: 30/30 MP: 4/7
  3278 | D:3      | Found an iron altar of Okawaru.
  4159 | D:3      | Identified 2 scrolls of acquirement
  4161 | D:3      | Acquired a +0 helmet of see invisible
  4168 | D:3      | Acquired 934 gold pieces
  4332 | D:4      | Reached skill level 5 in Fire Magic
  4332 | D:4      | Reached XP level 5. HP: 35/35 MP: 1/8
  4456 | D:4      | Reached skill level 1 in Fighting
  4609 | D:4      | Found a staircase to the Ecumenical Temple.
  4613 | D:4      | Found a bloodstained altar of Trog.
  4613 | D:4      | Found a shimmering altar of Xom.
  4651 | Temple   | Entered the Ecumenical Temple
  4656 | Temple   | Became a worshipper of Gozag Ym Sagoz the Greedy
  4749 | D:4      | Found a runed translucent gate.
  4750 | D:4      | Found a runed translucent gate.
  4750 | D:4      | Found a runed translucent gate.
  4751 | D:4      | Found an opulent altar of Gozag.
  4752 | D:4      | Noticed an ice beast
  4752 | D:4      | Noticed strifetoe's ghost (amateur OgBe)
  4806 | D:4      | Noticed a black bear
  4810 | D:4      | Reached skill level 3 in Spellcasting
  4827 | D:4      | Killed a black bear
  4828 | D:4      | Reached XP level 6. HP: 45/46 MP: 1/10
  5306 | D:4      | Found a shimmering blue altar of Sif Muna.
  5310 | D:4      | Found a basalt altar of Yredelemnul.
  5422 | D:5      | Entered Level 5 of the Dungeon
  5428 | D:5      | Identified the +1 hat "Lieciutz" {rF+}
  5440 | D:5      | Noticed a water moccasin
  5444 | D:5      | Killed a water moccasin
  5527 | D:5      | Found a sparkling altar of Nemelex Xobeh.
  5620 | D:5      | Noticed an ice beast
  5624 | D:5      | Noticed Menkaure
  5662 | D:5      | Killed Menkaure
  5663 | D:5      | Reached skill level 4 in Spellcasting
  5663 | D:5      | Reached XP level 7. HP: 46/55 MP: 2/13
  5763 | D:5      | Reached skill level 5 in Fighting
  5913 | D:5      | Found a shadowy altar of Dithmenos.
  5928 | D:5      | Reached skill level 5 in Spellcasting
  6142 | D:5      | Found a hide-covered altar of Uskayaw.
  6206 | D:5      | Reached XP level 8. HP: 62/62 MP: 1/15
  6852 | D:6      | Reached skill level 5 in Conjurations
  6871 | D:6      | Reached skill level 6 in Spellcasting
  7242 | D:6      | Found a shadowy altar of Dithmenos.
  7359 | D:6      | Gained mutation: A weak demonic guardian rushes to your
                  | aid. [demonic ancestry]
  7359 | D:6      | Reached XP level 9. HP: 68/68 MP: 14/18
  7388 | D:6      | Found Raxke's Distillery.
  7401 | D:6      | Bought a potion of degeneration for 11 gold pieces
  7401 | D:6      | Bought a potion of heal wounds for 55 gold pieces
  7401 | D:6      | Bought a potion of curing for 33 gold pieces
  7898 | D:7      | Reached skill level 5 in Shields
  8759 | D:7      | Noticed a boulder beetle
  8798 | D:6      | Killed a boulder beetle
  8955 | D:6      | Learned a level 4 spell: Flame Wave
  9080 | D:6      | Reached XP level 10. HP: 66/74 MP: 8/19
  9083 | D:6      | Reached skill level 1 in Evocations
  9855 | D:7      | Found a runed translucent door.
  9856 | D:7      | Noticed themarg's ghost (novice OpVM)
 10759 | D:8      | Found a hazy altar of Hepliaklqana.
 10774 | D:8      | Found a stormy altar of Qazlal.
 11381 | D:9      | Noticed Maurice
 11381 | D:9      | Noticed Erica
 11387 | D:8      | Killed Maurice
 11388 | D:8      | Reached skill level 5 in Evocations
 11392 | D:8      | Killed Erica
 11635 | D:9      | Reached skill level 7 in Spellcasting
 11964 | D:8      | Reached skill level 5 in Dodging
 12233 | D:9      | Reached skill level 8 in Spellcasting
 12373 | D:9      | Noticed Pikel
 12382 | D:9      | Killed Pikel
 12383 | D:9      | Gained mutation: You are partially covered in rugged brown
                  | scales. (AC +1, +3% HP) [demonic ancestry]
 12383 | D:9      | Reached XP level 11. HP: 74/81 MP: 6/23
 13068 | D:9      | Reached skill level 9 in Spellcasting
 13352 | D:9      | Found a snail-covered altar of Cheibriados.
 14616 | D:9      | Found a snail-covered altar of Cheibriados.
 14692 | D:10     | Entered Level 10 of the Dungeon
 14692 | D:10     | Noticed Psyche
 14697 | D:10     | Killed Psyche
 14832 | D:10     | Noticed a two-headed ogre
 14848 | D:10     | Killed a two-headed ogre
 14849 | D:10     | Reached skill level 10 in Spellcasting
 14983 | D:10     | Noticed Snorg
 15038 | D:10     | Identified the +7 spear of Haruori {protect, rCorr Str-4
                  | Int+6 Dex+3}
 15176 | D:10     | Noticed Erolcha
 15183 | D:10     | Found a staircase to the Lair.
 15219 | Abyss:1  | Noticed a thrashing horror
 15219 | Abyss:1  | Cast into level 1 of the Abyss (Erolcha)
 15224 | Abyss:1  | Noticed a thrashing horror
 15225 | Abyss:1  | Noticed a wretched star
 15227 | Abyss:1  | Noticed a daeva
 15229 | Abyss:1  | Noticed a large abomination
 15230 | Abyss:1  | Noticed an Executioner
 15233 | Abyss:1  | Identified the +0 leather armour of the Gastropod {Fly
                  | rPois}
 15252 | Abyss:1  | HP: 6/132 [Executioner (6)]
 15253 | Abyss:1  | HP: 2/132 [Executioner (4)]
 15253 | Abyss:1  | Mangled by an Executioner

Illustrated notes

Levels and vault maps discovered:
D:1:      dpeg_arrival_stone_temple_mockup, layout_rooms,
          minmay_misc_feat_columns, minivault_24, dreamdust_princess_bridge
D:2:      layout_loops_corners
D:3:      layout_loops_corners, okawaru_altar_gauntlet_db,
          corexii_leaking_fountain, grunt_ministairs_10, minmay_vboxes
D:4:      layout_basic, grunt_temple_overflow_open, temple_fountains,
          ebering_ghost_gozag, kennysheep_generic_room_6
D:5:      wad_woods_stonehenge, layout_rooms, nemelex_diamond_rough_becter,
          general_overflow_altar, kennysheep_potato, uniq_menkaure
D:6:      layout_layer_cave, nicolae_dithmenos_shadow_blocks, serial_shops, shop
D:7:      cheibrodos_fzero, layout_cave_pools, ebering_ghost_reflecting_pool,
          nicolae_kite_square_tiling_tiny
D:8:      layout_loops_ring, mainiacjoe_overflow_catwalk_spiral
D:9:      layout_cave_pods, mainiacjoe_overflow_surrounded_room, uniq_pikel,
          uniq_maurice, uniq_erica
D:10:     layout_roguey, lair_entry_dummy, uniq_erolcha, uniq_snorg, uniq_psyche
Temple:   minmay_freezing_vapour_temple
Abyss:1:  base: D:3, hangedman_cross_veins

Skill      XL: |  1  2  3  4  5  6  7  8  9 10 11 |
---------------+----------------------------------+-----
Stealth        | 2 |  2.0
Fire Magic     | 3 4 5 7 |  7.0
Fighting       | 2 4 5 |  5.8
Spellcasting   | 3 4 5 6 8 10 | 10.0
Conjurations   | 3 5 7 |  7.0
Shields        | 4 5 |  5.0
Throwing       | 2 |  2.0
Dodging        | 2 5 |  5.0
Evocations     | 5 |  5.0

Action                     |  1- 3 |  4- 6 |  7- 9 | 10-12 || total
---------------------------+-------+-------+-------+-------++-------
  Melee: Short sword       |    10 |    24 |    29 |    34 ||    97
         Touch             |     1 |     1 |     8 |       ||    10
         Punch             |       |     1 |       |       ||     1
         Unarmed           |       |       |       |     9 ||     9
  Throw: Dart              |       |       |     7 |       ||     7
   Cast: Foxfire           |    19 |    30 |   108 |    79 ||   236
         Scorch            |    28 |    44 |    81 |   163 ||   316
         Flame Wave        |       |       |       |    10 ||    10
 Invoke: Potion Petition   |       |       |     2 |     2 ||     4
    Use: Scroll            |       |     8 |     3 |     6 ||    17
         Potion            |       |       |     1 |     2 ||     3
   Stab: Distracted        |       |       |     1 |       ||     1
         Invisible         |       |       |     2 |       ||     2
 Armour: Robe              |     9 |     9 |       |       ||    18
         Leather armour    |       |       |    24 |    43 ||    67
         Skin              |       |       |       |    45 ||    45
  Dodge: Dodged            |    14 |    33 |    45 |    86 ||   178
  Block: Buckler           |       |       |       |    42 ||    42

Table legend: (Time is in decaauts)
 A = Elapsed time spent in this place.
 B = Non-inter-level travel time spent in this place.
 C = Inter-level travel time spent in this place.
 D = Time resting spent in this place.
 E = Time spent auto-exploring this place.
 F = Levels seen in this place.
 G = Mean time per level.
                   A        B        C        D        E       F      G
               +--------+--------+--------+--------+--------+-----+--------+
         Total |  15262 |  14962 |    300 |   2459 |  10508 |  12 | 1271.8 |
       Dungeon |  15225 |  14929 |    296 |   2459 |  10508 |  10 | 1522.5 |
        Temple |     10 |      6 |      4 |      0 |      0 |   1 |   10.0 |
         Abyss |     25 |     25 |      0 |      0 |      0 |   1 |   25.0 |
               +--------+--------+--------+--------+--------+-----+--------+

Top non-repeatable levels by time:
     D:9: 2722 daAuts
     D:6: 2226 daAuts
     D:2: 1950 daAuts
     D:8: 1791 daAuts
     D:7: 1433 daAuts
     D:4: 1307 daAuts
     D:3: 1177 daAuts
     D:5: 1044 daAuts
     D:1: 1044 daAuts
    D:10: 526 daAuts
 Abyss:1: 25 daAuts
  Temple: 10 daAuts
